TOP OF THE 1ST |
Spokane Indians batting - Pitching for Staten Island Yankees : RHP Ben Cunningham
|
Pitching: RHP Ben Cunningham
|
|
Batting: LHB Brian Gray
|
0-0: Called Strike 0-1: Foul Ball, location: 2F 0-2: Strikes out looking
|
Batting: RHB Rich Thurman
|
0-0: Ball 1-0: Ball 2-0: Ball 3-0: Base on Balls
|
Batting: LHB Yasahiko Teshima
|
0-0: Ball 1-0: Ball 2-0: Ball 3-0: Called Strike 3-1: Swinging Strike 3-2: Strikes out looking Rich Thurman is caught stealing 2nd base 2-6 Batter strikes out.
|
Top of the 1st over - 0 runs, 0 hits, 0 errors, 0 left on base; Spokane 0 - Staten Island 0 |
BOTTOM OF THE 1ST |
Staten Island Yankees batting - Pitching for Spokane Indians : RHP Brian Ramirez
|
Pitching: RHP Brian Ramirez
|
|
Batting: LHB Carlos Palau
|
0-0: Ball 1-0: Called Strike 1-1: Called Strike 1-2: Foul Ball, location: 2F 1-2: Ball 2-2: Strikes out swinging
|
Batting: RHB Daniel Underhay
|
0-0: Ball 1-0: Called Strike 1-1: Hit by Pitch
|
Batting: LHB Justin Short
|
Pickoff Throw to First - Out! 1-3 0-0: Called Strike 0-1: DOUBLE (Flyball, 89D, EV 100.0 MPH)
|
Batting: RHB Pat Pemberton
|
0-0: Ball 1-0: Swinging Strike 1-1: Foul Ball, location: 2F 1-2: Strikes out swinging
|
Bottom of the 1st over - 0 runs, 1 hit, 0 errors, 1 left on base; Spokane 0 - Staten Island 0 |
TOP OF THE 2ND |
Spokane Indians batting - Pitching for Staten Island Yankees : RHP Ben Cunningham
|
Batting: RHB Dale Aubrey
|
0-0: SINGLE (Groundball, 25, EV 70.6 MPH) (infield hit)
|
Batting: LHB Lee Gerken
|
0-0: Ball 1-0: Fly out, F7 (Line Drive, 7, EV 101.9 MPH)
|
Batting: RHB Ron Corn
|
0-0: Foul Ball, location: 2F 0-1: Ball 1-1: Fielders Choice at 2nd, 4-6 (Groundball, 4M, EV 85.6 MPH)
|
Batting: RHB Antonio Morado
|
0-0: Ball Ron Corn steals 2nd base 1-0: Ball 2-0: Reached on error, E4 (Groundball, 4, EV 85.6 MPH) Ron Corn to third
|
Batting: RHB Gabe Almazan
|
0-0: Foul Ball, location: 2F 0-1: Reached on error, E6 (Groundball, 6, EV 88.8 MPH) Ron Corn scores Antonio Morado to second
|
Batting: RHB Gavin Fimple
|
0-0: Swinging Strike 0-1: Fly out, F7 (Flyball, 7LM, EV 88.8 MPH)
|
Top of the 2nd over - 1 run, 1 hit, 2 errors, 2 left on base; Spokane 1 - Staten Island 0 |
BOTTOM OF THE 2ND |
Staten Island Yankees batting - Pitching for Spokane Indians : RHP Brian Ramirez
|
Batting: RHB Brad Wren
|
0-0: Called Strike 0-1: Swinging Strike 0-2: Ball 1-2: Foul Ball, location: 2F 1-2: Ball 2-2: Ball 3-2: Foul Ball, location: 2F 3-2: Foul Ball, location: 2F 3-2: Strikes out looking
|
Batting: SHB Adam Slade
|
0-0: Ball 1-0: Swinging Strike 1-1: Called Strike 1-2: Ball 2-2: SINGLE (Groundball, 6MS, EV 85.0 MPH) (infield hit)
|
Batting: LHB Danny de Leon
|
0-0: Swinging Strike 0-1: Foul Ball, location: 2F 0-2: Ball 1-2: Foul Ball, location: 2F 1-2: Strikes out looking
|
Batting: RHB Jesus Ruiz
|
0-0: Ball 1-0: Swinging Strike 1-1: Called Strike 1-2: Ball 2-2: Foul Ball, location: 2F 2-2: Strikes out looking
|
Bottom of the 2nd over - 0 runs, 1 hit, 0 errors, 1 left on base; Spokane 1 - Staten Island 0 |
TOP OF THE 3RD |
Spokane Indians batting - Pitching for Staten Island Yankees : RHP Ben Cunningham
|
Batting: LHB Brian Gray
|
0-0: Ball 1-0: Foul Ball, location: 2F 1-1: SOLO HOME RUN (Flyball, 7D, EV 101.9 MPH), Distance : 388 ft
|
Batting: RHB Rich Thurman
|
0-0: Ball 1-0: Foul Ball, location: 2F 1-1: Ball 2-1: Swinging Strike 2-2: Ball 3-2: Ground out 5-3 (Groundball, 56S, EV 87.5 MPH)
|
Batting: LHB Yasahiko Teshima
|
0-0: Foul Ball, location: 2F 0-1: Ball 1-1: Foul Ball, location: 2F 1-2: Hit by Pitch
|
Batting: RHB Dale Aubrey
|
0-0: Ball 1-0: Foul Ball, location: 2F 1-1: DOUBLE (Line Drive, 9LD, EV 103.1 MPH) Yasahiko Teshima to third Runner from 3rd tries for Home, SAFE, throw by RF to trailing runner, SAFE at third!
|
Batting: LHB Lee Gerken
|
0-0: Ball 1-0: Called Strike 1-1: Ball 2-1: Called Strike 2-2: Ball 3-2: Foul Ball, location: 2F 3-2: Base on Balls
|
Batting: RHB Ron Corn
|
0-0: Called Strike 0-1: Ball 1-1: Ball 2-1: Ball 3-1: Foul Ball, location: 2F 3-2: Foul Ball, location: 2F 3-2: Strikes out swinging
|
Batting: RHB Antonio Morado
|
0-0: Ball 1-0: Called Strike 1-1: Ball 2-1: Foul Ball, location: 2F 2-2: Strikes out swinging
|
Top of the 3rd over - 2 runs, 2 hits, 0 errors, 2 left on base; Spokane 3 - Staten Island 0 |
BOTTOM OF THE 3RD |
Staten Island Yankees batting - Pitching for Spokane Indians : RHP Brian Ramirez
|
Batting: RHB Norimoto Miyanishi
|
0-0: Called Strike 0-1: Called Strike 0-2: Strikes out swinging
|
Batting: LHB Carlos Palau
|
0-0: Called Strike 0-1: Swinging Strike 0-2: Fly out, F5 (Popup, 56, EV 60.0 MPH)
|
Batting: RHB Daniel Underhay
|
0-0: Ground out 6-3 (Groundball, 6, EV 103.8 MPH)
|
Bottom of the 3rd over - 0 runs, 0 hits, 0 errors, 0 left on base; Spokane 3 - Staten Island 0 |
TOP OF THE 4TH |
Spokane Indians batting - Pitching for Staten Island Yankees : RHP Ben Cunningham
|
Batting: RHB Gabe Almazan
|
0-0: Foul Ball, location: 2F 0-1: Called Strike 0-2: Ball 1-2: Foul Ball, location: 2F 1-2: Foul Ball, location: 2F 1-2: Strikes out swinging
|
Batting: RHB Gavin Fimple
|
0-0: Foul Ball, location: 2F 0-1: Ball 1-1: Swinging Strike 1-2: Foul Ball, location: 2F 1-2: Strikes out swinging
|
Batting: LHB Brian Gray
|
0-0: Ball 1-0: Ball 2-0: SINGLE (Groundball, 6M, EV 82.5 MPH) (infield hit)
|
Pitching: RHP Kenny Samuels
|
|
Batting: RHB Rich Thurman
|
0-0: Called Strike 0-1: Ball Brian Gray steals 2nd base 1-1: Called Strike 1-2: Ball 2-2: Strikes out swinging
|
Top of the 4th over - 0 runs, 1 hit, 0 errors, 1 left on base; Spokane 3 - Staten Island 0 |
BOTTOM OF THE 4TH |
Staten Island Yankees batting - Pitching for Spokane Indians : RHP Brian Ramirez
|
Batting: LHB Justin Short
|
0-0: Called Strike 0-1: Ball 1-1: Ball 2-1: Swinging Strike 2-2: Strikes out swinging
|
Batting: RHB Pat Pemberton
|
0-0: Foul Ball, location: 2F 0-1: Fly out, F8 (Line Drive, 89M, EV 91.2 MPH)
|
Batting: RHB Brad Wren
|
0-0: Called Strike 0-1: Ball 1-1: Foul Ball, location: 2F 1-2: Strikes out swinging
|
Bottom of the 4th over - 0 runs, 0 hits, 0 errors, 0 left on base; Spokane 3 - Staten Island 0 |
TOP OF THE 5TH |
Spokane Indians batting - Pitching for Staten Island Yankees : RHP Kenny Samuels
|
Batting: LHB Yasahiko Teshima
|
0-0: Ball 1-0: SOLO HOME RUN (Flyball, 9D, EV 96.9 MPH), Distance : 374 ft
|
Batting: RHB Dale Aubrey
|
0-0: Ball 1-0: Ball 2-0: Ball 3-0: Base on Balls
|
Batting: LHB Lee Gerken
|
0-0: Called Strike 0-1: Called Strike 0-2: Strikes out swinging
|
Batting: RHB Ron Corn
|
0-0: Ball Dale Aubrey is caught stealing 2nd base 2-4 1-0: Foul Ball, location: 2F 1-1: Ball 2-1: Called Strike 2-2: Ball 3-2: SOLO HOME RUN (Flyball, 7D, EV 96.9 MPH), Distance : 367 ft
|
Batting: RHB Antonio Morado
|
0-0: Called Strike 0-1: Fly out, F9 (Flyball, 9D, EV 108.1 MPH)
|
Top of the 5th over - 2 runs, 2 hits, 0 errors, 0 left on base; Spokane 5 - Staten Island 0 |
BOTTOM OF THE 5TH |
Staten Island Yankees batting - Pitching for Spokane Indians : RHP Brian Ramirez
|
Batting: SHB Adam Slade
|
0-0: Ball 1-0: Swinging Strike 1-1: Ball 2-1: Foul Ball, location: 2F 2-2: Ball 3-2: Foul Ball, location: 2F 3-2: Foul Ball, location: 2F 3-2: Strikes out looking
|
Batting: LHB Danny de Leon
|
0-0: Ground out 3-1 (Groundball, 34D, EV 103.8 MPH)
|
Batting: RHB Jesus Ruiz
|
0-0: Foul Ball, location: 2F 0-1: Swinging Strike 0-2: Ball 1-2: Ball 2-2: SINGLE (Groundball, 6M, EV 98.8 MPH)
|
Batting: RHB Norimoto Miyanishi
|
0-0: Ball 1-0: Fly out, F9 (Flyball, 89S, EV 92.5 MPH)
|
Bottom of the 5th over - 0 runs, 1 hit, 0 errors, 1 left on base; Spokane 5 - Staten Island 0 |
TOP OF THE 6TH |
Spokane Indians batting - Pitching for Staten Island Yankees : RHP Kenny Samuels
|
Batting: RHB Gabe Almazan
|
0-0: Called Strike 0-1: Ball 1-1: Ball 2-1: Foul Ball, location: 2F 2-2: Ball 3-2: Foul Ball, location: 2F 3-2: Foul Ball, location: 2F 3-2: Base on Balls
|
Batting: RHB Gavin Fimple
|
0-0: Ball 1-0: Ball 2-0: Fly out, F8 (Line Drive, 8RS, EV 96.2 MPH)
|
Batting: LHB Brian Gray
|
0-0: Called Strike 0-1: Swinging Strike 0-2: Strikes out looking
|
Batting: RHB Rich Thurman
|
0-0: Called Strike Gabe Almazan steals 2nd base 0-1: Swinging Strike 0-2: Ball 1-2: Ball 2-2: Foul Ball, location: 2F 2-2: Foul Ball, location: 2F 2-2: Ball 3-2: Ground out 4-3 (Groundball, 4, EV 87.5 MPH)
|
Top of the 6th over - 0 runs, 0 hits, 0 errors, 1 left on base; Spokane 5 - Staten Island 0 |
BOTTOM OF THE 6TH |
Staten Island Yankees batting - Pitching for Spokane Indians : RHP Brian Ramirez
|
Batting: LHB Carlos Palau
|
0-0: Ball 1-0: Swinging Strike 1-1: Ball 2-1: Called Strike 2-2: Strikes out swinging
|
Batting: RHB Daniel Underhay
|
0-0: Swinging Strike 0-1: Ball 1-1: Called Strike 1-2: Ball 2-2: Foul Ball, location: 2F 2-2: Strikes out looking
|
Batting: LHB Justin Short
|
0-0: Called Strike 0-1: Called Strike 0-2: Foul Ball, location: 2F 0-2: SINGLE (Line Drive, 56D, EV 102.5 MPH)
|
Batting: RHB Pat Pemberton
|
0-0: Foul Ball, location: 2F 0-1: Foul Ball, location: 2F 0-2: Hit by Pitch Justin Short to second
|
Batting: RHB Brad Wren
|
0-0: Called Strike 0-1: Ball 1-1: Called Strike 1-2: Foul Ball, location: 2F 1-2: Foul Ball, location: 2F 1-2: Foul Ball, location: 2F 1-2: Strikes out swinging
|
Bottom of the 6th over - 0 runs, 1 hit, 0 errors, 2 left on base; Spokane 5 - Staten Island 0 |
TOP OF THE 7TH |
Spokane Indians batting - Pitching for Staten Island Yankees : RHP Kenny Samuels
|
Pitching: LHP Loo Lei
|
|
Batting: RHB Matthew Starr
|
0-0: Ball 1-0: Ball 2-0: Ball 3-0: Called Strike 3-1: Base on Balls
|
Batting: RHB Dale Aubrey
|
0-0: Called Strike 0-1: Called Strike 0-2: Ball 1-2: DOUBLE (Line Drive, 9LD, EV 108.8 MPH) Matthew Starr to third
|
Batting: LHB Lee Gerken
|
0-0: Ball 1-0: Called Strike 1-1: Called Strike 1-2: Ball 2-2: Foul Ball, location: 2F 2-2: Strikes out swinging
|
Batting: RHB Ron Corn
|
0-0: Called Strike 0-1: Ball 1-1: Ball 2-1: Called Strike 2-2: Strikes out looking
|
Batting: RHB Antonio Morado
|
0-0: SINGLE (Groundball, 34S, EV 95.0 MPH) Matthew Starr scores Dale Aubrey to third Runner from 3rd tries for Home, SAFE, throw by RF to home Antonio Morado to second
|
Pinch Hitting: RHB Steve Haskins
|
0-0: Ball 1-0: Foul Ball, location: 2F 1-1: SINGLE (Groundball, 56D, EV 96.2 MPH) Antonio Morado to third Runner from 3rd tries for Home, SAFE, throw by LF to home
|
Batting: RHB Gavin Fimple
|
0-0: Ball 1-0: Ball 2-0: Ball 3-0: Base on Balls Steve Haskins to second
|
Batting: LHB Brian Gray
|
0-0: Ball 1-0: Ball 2-0: Swinging Strike 2-1: Ball 3-1: Foul Ball, location: 2F 3-2: Foul Ball, location: 2F 3-2: Foul Ball, location: 2F 3-2: Base on Balls Steve Haskins to third Gavin Fimple to second
|
Pinch Hitting: RHB Luis Reyna
|
0-0: Called Strike 0-1: Ball 1-1: Ball 2-1: Ground out 4-3 (Groundball, 34, EV 104.4 MPH)
|
Top of the 7th over - 3 runs, 3 hits, 0 errors, 3 left on base; Spokane 8 - Staten Island 0 |
BOTTOM OF THE 7TH |
Staten Island Yankees batting - Pitching for Spokane Indians : RHP Brian Ramirez
|
Now at 2B: Steve Haskins
|
|
Now at 3B: Luis Reyna
|
|
Now in LF: Sumiki Okuhara
|
|
Batting: SHB Adam Slade
|
0-0: Called Strike 0-1: Called Strike 0-2: Ball 1-2: Foul Ball, location: 2F 1-2: Foul Ball, location: 2F 1-2: Strikes out swinging
|
Batting: LHB Danny de Leon
|
0-0: Called Strike 0-1: Foul Ball, location: 2F 0-2: Strikes out swinging
|
Batting: RHB Jesus Ruiz
|
0-0: Ball 1-0: Ball 2-0: Swinging Strike 2-1: Foul Ball, location: 2F 2-2: Fly out, F3 (Popup, 3F, EV 57.5 MPH)
|
Bottom of the 7th over - 0 runs, 0 hits, 0 errors, 0 left on base; Spokane 8 - Staten Island 0 |
TOP OF THE 8TH |
Spokane Indians batting - Pitching for Staten Island Yankees : LHP Loo Lei
|
Pitching: LHP Matt Cusatis
|
|
Batting: RHB Matthew Starr
|
0-0: Ball 1-0: Ball 2-0: Called Strike 2-1: Ball 3-1: Base on Balls
|
Batting: RHB Dale Aubrey
|
0-0: Ball 1-0: Ball 2-0: Foul Ball, location: 2F 2-1: Foul Ball, location: 2F 2-2: Foul Ball, location: 2F 2-2: Ball 3-2: DOUBLE (Line Drive, 89D, EV 111.2 MPH) Matthew Starr to third
|
Pinch Hitting: LHB Pablo Cardona
|
0-0: Foul Ball, location: 2F 0-1: Fly out, F6 (Popup, 6M, EV 51.9 MPH)
|
Pinch Hitting: RHB Vinny Luna
|
0-0: Foul Ball, location: 2F 0-1: Called Strike 0-2: Ball 1-2: Ground out 6-3 (Groundball, 6, EV 85.6 MPH) Matthew Starr scores Dale Aubrey to third
|
Pinch Hitting: RHB Jorge Bernal
|
0-0: Called Strike 0-1: Called Strike 0-2: Foul Ball, location: 2F 0-2: Ball 1-2: Strikes out swinging
|
Top of the 8th over - 1 run, 1 hit, 0 errors, 1 left on base; Spokane 9 - Staten Island 0 |
BOTTOM OF THE 8TH |
Staten Island Yankees batting - Pitching for Spokane Indians : RHP Brian Ramirez
|
Pitching: RHP Victor Nunez
|
|
Now at 1B: Vinny Luna
|
|
Now at 2B: Jorge Bernal
|
|
Now at SS: Steve Haskins
|
|
Now in LF: Pablo Cardona
|
|
Now in RF: Sumiki Okuhara
|
|
Batting: RHB Norimoto Miyanishi
|
0-0: Ball 1-0: Called Strike 1-1: Called Strike 1-2: Ball 2-2: Strikes out swinging, 2-3 out at first.
|
Pinch Hitting: LHB Dario Segura
|
0-0: Ball 1-0: Called Strike 1-1: Ball 2-1: Foul Ball, location: 2F 2-2: Strikes out swinging
|
Batting: RHB Daniel Underhay
|
0-0: Ball 1-0: Ground out 6-3 (Groundball, 6, EV 80.0 MPH)
|
Bottom of the 8th over - 0 runs, 0 hits, 0 errors, 0 left on base; Spokane 9 - Staten Island 0 |
TOP OF THE 9TH |
Spokane Indians batting - Pitching for Staten Island Yankees : LHP Matt Cusatis
|
Now in LF: Matt Thompson
|
|
Batting: RHB Steve Haskins
|
0-0: Called Strike 0-1: Ball 1-1: Foul Ball, location: 2F 1-2: Foul Ball, location: 2F 1-2: Ball 2-2: Fly out, F6 (Popup, 6MS, EV 70.6 MPH)
|
Batting: RHB Gavin Fimple
|
0-0: Swinging Strike 0-1: Foul Ball, location: 2F 0-2: Strikes out looking
|
Pinch Hitting: RHB Theo van Gent
|
0-0: Called Strike 0-1: Called Strike 0-2: Foul Ball, location: 2F 0-2: Ball 1-2: Ball 2-2: Ball 3-2: Fly out, F9 (Flyball, 9S, EV 81.9 MPH)
|
Top of the 9th over - 0 runs, 0 hits, 0 errors, 0 left on base; Spokane 9 - Staten Island 0 |
BOTTOM OF THE 9TH |
Staten Island Yankees batting - Pitching for Spokane Indians : RHP Victor Nunez
|
Now in RF: Theo van Gent
|
|
Batting: LHB Justin Short
|
0-0: Foul Ball, location: 2F 0-1: SINGLE (Line Drive, 89S, EV 84.4 MPH)
|
Batting: RHB Pat Pemberton
|
0-0: Called Strike 0-1: Foul Ball, location: 2F 0-2: Strikes out looking
|
Batting: RHB Brad Wren
|
0-0: Swinging Strike 0-1: Ball 1-1: Called Strike 1-2: Ball 2-2: Strikes out swinging
|
Batting: SHB Adam Slade
|
0-0: Fly out, F6 (Popup, 6MS, EV 78.1 MPH)
|
Bottom of the 9th over - 0 runs, 1 hit, 0 errors, 1 left on base; Spokane 9 - Staten Island 0 |
|